 Dungeon Crawl Stone Soup version 0.29.1-2-gbd0b4ee654 (webtiles) character file.

Game seed: 17264750157030959434

15 GorkyZ the Cudgeller (level 2, -2/22 HPs)
             Began as a Demonspawn Gladiator on Nov 14, 2022.
             Killed from afar by Sigmund (3 damage)
             ... with a magic dart
             ... on level 2 of the Dungeon.
             The game lasted 00:02:35 (850 turns).

GorkyZ the Cudgeller (Demonspawn Gladiator)          Turns: 850, Time: 00:02:37

Health: -2/22      AC:  6    Str: 14    XL:     2   Next: 34%
Magic:  2/2        EV: 11    Int:  9    God:
Gold:   57         SH:  0    Dex: 14    Spells: 1/1 levels left

rFire   . . .      SeeInvis .   a - +0 flail
rCold   . . .      Faith    .   (no shield)
rNeg    . . .      Spirit   .   g - +0 ring mail
rPois   .          Reflect  .   c - +0 helmet
rElec   .          Harm     .   (no cloak)
rCorr   .          Rampage  .   (no gloves)
Will    .....                   (no boots)
Stlth   +.........              (no amulet)
HPRegen 0.07/turn               (no ring)
MPRegen 0.08/turn               (no ring)

@: no status effects
A: powered by death 1
a: no special abilities


You were on level 2 of the Dungeon.
You visited 1 branch of the dungeon, and saw 2 of its levels.

You collected 57 gold pieces.

Inventory:

Hand Weapons
 a - a +0 flail (weapon)
 k - a +1 dagger of venom
Missiles
 d - 3 throwing nets (quivered)
 e - a javelin
Armour
 b - a +0 leather armour
 c - a +0 helmet (worn)
 f - a +0 leather armour
 g - a +0 ring mail (worn)
Jewellery
 p - a +4 ring of protection
Scrolls
 h - a scroll of immolation {unknown}
 j - a scroll of teleportation {unknown}
 l - a scroll of noise {unknown}
 m - a scroll of amnesia {unknown}
 n - 2 scrolls of silence {unknown}
 o - a scroll of magic mapping {unknown}
Potions
 i - a potion of attraction {unknown}


   Skills:
 + Level 2.1 Fighting
 + Level 3.0 Maces & Flails
 - Level 1.7 Throwing
 * Level 0.6 Armour
 + Level 2.9 Dodging


You had one spell level left.
You didn't know any spells.
Your spell library contained the following spells:

 Spells                   Type           Power      Damage    Failure   Level
 Sublimation of Blood     Necr           0%         N/A       77%         2
 Wereblood                Tmut           0%         N/A       77%         2
 Summon Hydra             Summ           0%         N/A       100%        7


Dungeon Overview and Level Annotations

Branches:
Dungeon (2/15)

Altars:

Annotations:
D:2 Sigmund


Innate Abilities, Weirdness & Mutations

You regenerate a little health from kills.


Message History

Done exploring.
Done exploring.
You open the door.
There is an open door here.
You open the door.
There is an open door here.
There is an escape hatch in the floor here.
You slide downwards.
The hatch slams shut behind you.
Sigmund shouts!
The adder hisses angrily.
You hear an angry hiss.
Found three items.
You closely miss the adder.
An adder comes into view.
The adder bites you but does no damage.
Sigmund gestures wildly while chanting.
Sigmund flickers and vanishes!
Deactivating autopickup; reactivate with Ctrl-A.
You miss the adder. The adder completely misses you.
A puff of flame appears from out of thin air!
The puff of flame hits you. The adder barely misses you.
You closely miss the adder. The adder bites you but does no damage.
You closely miss the adder. The adder bites you.
You are poisoned.
The adder poisons you! The adder bites you but does no damage.
The adder barely misses you. The adder closely misses you.
You miss the adder.
You feel sick. The adder barely misses you. x2
The adder bites you but does no damage.
You sock the adder!
The adder is almost dead.
You feel sick. The adder closely misses you. The adder barely misses you.
The adder bites you but does no damage.
A puff of flame appears from out of thin air!
The puff of flame hits you.
* * * LOW HITPOINT WARNING * * *
You feel sick.
You are no longer poisoned.
The adder barely misses you. The adder bites you.
* * * LOW HITPOINT WARNING * * *
A magic dart appears from out of thin air!
The magic dart hits you.
You die...

#### #####
.#...##...##
...........##
............#
............#
.....{.@....#
....?..SS..##
.#...##.J.##
...# ...## ..
..... .
.$.....
........
.....!...#


You could see 2 adders and an endoplasm.

Vanquished Creatures
  An endoplasm (D:1)
  3 jackals (D:1)
  4 ball pythons (D:1)
  4 bats (D:1)
  A frilled lizard (D:1)
  A kobold (D:1)
  2 rats (D:1)
16 creatures vanquished.

Notes
Turn   | Place    | Note
-------+----------+-------------------------------------------
     0 | D:1      | GorkyZ the Demonspawn Gladiator began the quest for the
                  | Orb.
     0 | D:1      | Reached XP level 1. HP: 16/16 MP: 1/1
   417 | D:1      | Gained mutation: You regenerate a little health from kills.
                  | [demonic ancestry]
   417 | D:1      | Reached XP level 2. HP: 16/22 MP: 2/2
   539 | D:1      | Reached skill level 3 in Maces & Flails
   843 | D:2      | Noticed Sigmund
   850 | D:2      | HP: 1/22 [adder (3)]
   850 | D:2      | Killed from afar by Sigmund

Illustrated notes

Levels and vault maps discovered:
D:1:      amcnicky_arrival_choice, layout_basic
D:2:      layout_rooms, nicolae_ecumenical_snake_handling, serial_shops,
          nicolae_shop_advertising_works [nicolae_subvault_shop_adworks],
          nicolae_square_shop, nicolae_shop_waterfront, hangedman_glass_teeth,
          uniq_sigmund

Skill      XL: |  1  2 |
---------------+-------+-----
Maces & Flails | 3 |  3.0
Fighting       | |  2.1
Throwing       | |  1.7
Armour         | |  0.6
Dodging        | |  2.9

Action                   || total
-------------------------++-------
Melee: Flail             ||    47
Armor: Ring mail         ||    28
Dodge: Dodged            ||    32
